 Dungeon Crawl Stone Soup version 0.27-a0-1273-gec92ba881d (webtiles) character file.

Game seed: 7749968675960788018

107 IdlyInterested the Chopper (level 4, 0/39 HPs)
             Began as a Hill Orc Monk on June 11, 2021.
             Slain by an orc priest
             ... wielding a +0 mace
              (5 damage)
             ... on level 3 of the Dungeon.
             The game lasted 00:06:49 (2281 turns).

IdlyInterested the Chopper (Hill Orc Monk)          Turns: 2281, Time: 00:06:50

Health: 0/39       AC:  4    Str: 14    XL:     4   Next: 86%
Magic:  4/4        EV: 12    Int: 10    God:
Gold:   91         SH:  0    Dex: 13    Spells: 3/3 levels left

rFire    . . .     SeeInvis .   a - +0 hand axe
rCold    . . .     Faith    .   (no shield)
rNeg     . . .     Spirit   .   b - +0 robe
rPois    .         Reflect  .   h - +2 hat
rElec    .         Harm     .   l - scarf {repulsion}
rCorr    .         Rampage  .   (no gloves)
Will     .....                  (no boots)
Stlth    ++........             (no amulet)
HPRegen  0.13/turn              (no ring)
MPRegen  0.09/turn              (no ring)

@: repel missiles
A: no striking features
a: Convert to Beogh


You were on level 3 of the Dungeon.
You visited 1 branch of the dungeon, and saw 3 of its levels.

You collected 91 gold pieces.

Inventory:

Hand Weapons
 a - a +0 hand axe (weapon)
 c - a +1 vorpal flail
 g - a +0 hand axe
 n - a +0 hand axe
 r - a +0 vampiric dagger
Missiles
 d - 49 stones
 i - 19 poisoned darts (quivered)
Armour
 b - a +0 robe (worn)
 h - a +2 hat (worn)
 l - a scarf of repulsion (worn)
Wands
 m - a wand of mindburst (9)
Scrolls
 f - 2 scrolls of amnesia
 p - a scroll of fear


   Skills:
 - Level 3.6 Fighting
 + Level 6.1 Axes
 * Level 2.2 Armour
 - Level 2.4 Dodging
 - Level 1.5 Stealth
 - Level 1.0 Invocations
 * Level 0.5 Evocations


You had 3 spell levels left.
You didn't know any spells.
Your spell library contained the following spells:

 Spells                   Type           Power      Damage    Failure   Level
 Shock                    Conj/Air       0%         1d3       36%         1
 Static Discharge         Conj/Air       0%         N/A       50%         2
 Swiftness                Air            0%         N/A       75%         3
 Airstrike                Air            0%         N/A       98%         4
 Lightning Bolt           Conj/Air       0%         1d11      100%        5


Dungeon Overview and Level Annotations

Branches:
Dungeon (3/15)

Altars:

Shops:
D:3 [


Message History

Beogh smites you! The orc wizard casts a spell at you.
The puff of flame is repelled.
You miss the orc wizard. You hit the orc.
The orc is heavily wounded.
You hit the orc.
You kill the orc!
You hit the orc priest but do no damage.
You closely miss the orc wizard. The orc priest hits you with a +0 mace.
The orc wizard closely misses you.
You hit the orc.
The orc is lightly wounded.
You hit the orc wizard. You hit the orc priest.
The orc priest hits you with a +0 mace!
The orc wizard hits you but does no damage.
The orc barely misses you.
The orc priest threatens, "By the altar or by the axe, you will meet Beogh!"
You hit the orc.
You kill the orc!
You hit the orc priest.
You hit the orc wizard but do no damage.
The orc priest shouts, "Join the one true god or die!"
The orc priest misses you. The orc wizard casts a spell at you.
The magic dart hits you.
* * * LOW HITPOINT WARNING * * *
You hit the orc.
The orc is heavily wounded.
You hit the orc priest. You hit the orc wizard.
The orc priest hits you with a +0 mace.
* * * LOW HITPOINT WARNING * * *
The orc barely misses you.
The orc wizard hits you but does no damage.
You barely miss the orc.
The orc is heavily wounded.
You hit the orc priest but do no damage.
The orc priest shouts, "Surrender to Beogh and we'll let you live!"
You barely miss the orc wizard. The orc priest hits you with a +0 mace.
You die...

#. ....... ....
....... #.#.#
..<....
####...##......
.[...........# +
......#....)#.#
..###...ooo.....#
......#..@....#
#.....##......
#.#...#...######
#..>....#....
####.###........
#....#
.#.#..####..#
#.####
#.#.<......#
#.##.#
###....#.##..#
#....###......# #


You could see an orc priest, an orc wizard and an orc.

Vanquished Creatures
  4 gnolls (D:2)
  An adder (D:2)
  2 orcs (D:3)
  A ball python (D:2)
  8 endoplasms
  A giant cockroach (D:1)
  3 goblins
  4 hobgoblins
  8 jackals
  8 kobolds
  3 quokkas
  3 bats (D:2)
  3 frilled lizards
  3 rats
52 creatures vanquished.

Notes
Turn   | Place    | Note
-------+----------+-------------------------------------------
     0 | D:1      | IdlyInterested the Hill Orc Monk began the quest for the
                  | Orb.
     0 | D:1      | Reached XP level 1. HP: 19/19 MP: 1/1
   151 | D:1      | Reached skill level 1 in Armour
   151 | D:1      | Reached XP level 2. HP: 12/26 MP: 2/2
   896 | D:1      | Reached skill level 5 in Axes
   898 | D:1      | Reached XP level 3. HP: 26/31 MP: 3/3
  1584 | D:2      | Reached XP level 4. HP: 37/39 MP: 4/4
  1587 | D:2      | Reached skill level 1 in Invocations
  1610 | D:2      | Reached skill level 6 in Axes
  2241 | D:3      | Found Beklir's Armour Emporium.
  2281 | D:3      | Slain by an orc priest

Illustrated notes

Levels and vault maps discovered:
D:1:      dpeg_arrival_round_b, layout_rooms, chequers_arboretum
D:2:      layout_loops_ring
D:3:      layout_basic, lightli_temple_of_fire, eat_drink_and_be_merry_uskayaw,
          serial_shops, nicolae_shop_stone, uniq_crazy_yiuf_cottage

Skill      XL: |  1  2  3  4 |
---------------+-------------+-----
Armour         | 1 2 |  2.2
Axes           | 5 6 |  6.1
Invocations    | 1 |  1.0
Fighting       | |  3.6
Dodging        | |  2.4
Stealth        | |  1.5
Evocations     | |  0.5

Action                   |  1- 3 |  4- 6 || total
-------------------------+-------+-------++-------
Melee: Hand axe          |   106 |    60 ||   166
Throw: Dart              |     5 |       ||     5
       Stone             |     2 |       ||     2
  Use: Scroll            |     2 |     3 ||     5
       Potion            |     1 |     4 ||     5
 Stab: Sleeping          |     1 |     3 ||     4
Armor: Robe              |    16 |    18 ||    34
Dodge: Dodged            |    62 |    49 ||   111
       Repelled          |       |     1 ||     1

Table legend: (Time is in decaauts)
 A = Elapsed time spent in this place.
 B = Non-inter-level travel time spent in this place.
 C = Inter-level travel time spent in this place.
 D = Time resting spent in this place.
 E = Time spent auto-exploring this place.
 F = Levels seen in this place.
 G = Mean time per level.
                   A        B        C        D        E       F      G
               +--------+--------+--------+--------+--------+-----+--------+
         Total |   2287 |   2236 |     51 |    676 |   1131 |   3 |  762.3 |
       Dungeon |   2287 |   2236 |     51 |    676 |   1131 |   3 |  762.3 |
               +--------+--------+--------+--------+--------+-----+--------+

Top non-repeatable levels by time:
     D:1: 1318 daAuts
     D:2: 928 daAuts
     D:3: 39 daAuts
